Map: Emerald City LE

Players

viso - Winner!

  • Race: Zerg Zerg
  • Spawn Location: 11:00

katamorphism - Winner!

  • Race: Terran Terran
  • League: Platinum
  • Spawn Location: 11:00

Massa

  • Race: Terran Terran
  • League: Platinum
  • Spawn Location: 5:00

qqq

  • Race: Zerg Zerg
  • League: Platinum
  • Spawn Location: 5:00

VOD

Have the link to the VOD?

Description

Time

  • Played on: Sept. 26, 2020, 9:51 a.m.
  • Length: 19:32
Show
View Real Time Build Order
Export as new Build Order

viso Zerg - Winner!

Build Orders: Hatch First 

Get SALT Encoding   

  12  0:01  Drone  
  13  0:13  Overlord  
  13  0:17  Drone  
  14  0:32  Drone x2  
  16  0:37  Drone  
  17  0:55  Hatchery  
  16  0:57  Drone  
  16  1:02  Drone  
  18  1:18  Spawning Pool  
  18  1:19  Drone  
  18  1:23  Extractor  
  17  1:27  Drone  
  17  1:32  Drone  
  19  1:40  Overlord  
  19  1:52  Drone  
  20  2:01  Drone  
  20  2:05  Queen  
  23  2:13  Roach Warren  
  23  2:14  Evolution Chamber  
  23  2:15  Extractor  
  20  2:23  Drone  
  20  2:24  Drone x2  
  23  2:41  Queen  
  25  2:48  Zerg Missile Weapons Level 1  
  25  2:54  Drone x2  
  25  2:57  Drone  
  28  3:07  Drone x2  
  28  3:08  Drone  
  31  3:14  Drone  
  32  3:22  Overlord  
  32  3:28  Roach  
  32  3:30  Roach  
  36  3:35  Lair  
  36  3:40  Overlord  
  36  3:44  Roach  
  36  3:47  Roach  
  40  3:55  Spore Crawler  
  39  3:58  Spore Crawler  
  39  4:01  Roach x2  
  42  4:14  Roach x3  
  48  4:25  Roach x2  
  48  4:30  Overlord  
  52  4:38  Overlord  
  52  4:53  Drone x5  
  52  4:54  Drone x3  
  60  5:06  Zerg Ground Armor Level 1  
  60  5:07  Glial Reconstitution  
  60  5:11  Roach  
  62  5:16  Ravager x2  
  62  5:19  Overseer  
  64  5:26  Extractor  
  63  5:28  Extractor  
  63  5:29  Roach x3  
  63  5:30  Overlord  
  68  5:40  Overlord x3  
  68  5:48  Overlord  
  68  5:59  Roach x4  
  68  6:00  Roach  
  78  6:05  Drone x2  
  78  6:06  Drone x2  
  82  6:21  Drone x2  
  81  6:38  Drone x4, Hatchery  
  82  6:54  Drone x2  
  82  6:58  Queen  
  86  7:09  Drone x3  
  86  7:13  Overseer  
  86  7:14  Overseer  
  89  7:16  Zerg Missile Weapons Level 2  
  89  7:33  Roach x5  
  89  7:34  Overlord x3  
  99  7:52  Spire  
  99  7:54  Hydralisk Den  
  97  8:06  Roach x6  
  97  8:07  Roach x4  
  97  8:08  Roach  
  119  8:18  Overlord  
  119  8:23  Hydralisk x4  
  127  8:28  Grooved Spines  
  127  8:40  Queen  
  129  8:43  Spore Crawler  
  129  8:45  Spine Crawler  
  127  9:05  Zerg Flyer Weapons Level 1  
  127  9:06  Corruptor x4  
  127  9:07  Corruptor  
  137  9:23  Extractor, Hydralisk  
  138  9:25  Hatchery  
  138  9:26  Overlord  
  138  9:31  Drone  
  138  9:32  Overlord  
  138  9:42  Pneumatized Carapace  
  136  9:57  Corruptor x3  
  142  10:03  Drone x5  
  142  10:04  Drone  
  142  10:06  Overseer x2  
  148  10:19  Overlord x4  
  148  10:27  Zerg Ground Armor Level 2  
  148  10:31  Muscular Augments  
  148  10:40  Drone  
  148  10:41  Drone x3  
  152  10:47  Drone  
  152  10:48  Drone x3  
  148  11:14  Hydralisk x2  
  148  11:15  Hydralisk x7  
  148  11:16  Hydralisk  
  164  11:25  Overlord x3  
  158  11:32  Overlord x2  
  158  11:39  Overseer x4  
  158  11:51  Roach x8  
  158  11:53  Zergling x10  
  179  11:58  Queen  
  181  12:05  Drone x2  
  181  12:06  Drone x2  
  185  12:08  Overseer x2  
  185  12:09  Hydralisk, Overseer  
  187  12:16  Metabolic Boost  
  187  12:23  Evolution Chamber  
  187  12:26  Zergling x10  
  187  12:28  Zerg Flyer Armor Level 1  
  187  12:29  Zergling x2  
  192  12:30  Overlord  
  192  12:31  Overlord  
  192  12:51  Drone x2  
  192  12:52  Drone x2  
  196  12:59  Zergling x2  
  196  13:00  Zergling x6  
  200  13:05  Overlord  
  200  13:06  Overlord x3  
  200  13:10  Zerg Melee Weapons Level 1  
  200  13:15  Infestation Pit  
  178  13:47  Hydralisk x5  
  178  13:48  Hydralisk x8  
  197  14:05  Hydralisk  
  197  14:08  Overlord  
  198  14:15  Hydralisk x2  
  198  14:26  Overlord x4  
  188  14:36  Hydralisk x6  
  199  14:46  Overlord x3  
  192  15:06  Hydralisk x3  
  192  15:07  Hydralisk x2  
  192  15:12  Hydralisk  
  198  15:16  Zerg Flyer Weapons Level 2, Hive  
  198  15:18  Zerg Melee Weapons Level 2  
  198  15:26  Zergling x4  
  200  15:34  Hydralisk x2  
  185  15:52  Hydralisk x2  
  185  15:53  Hydralisk x2, Overlord  
  185  15:54  Overlord  
  191  15:59  Hydralisk x6  
  191  16:00  Hydralisk  
  189  16:04  Zergling x4  
  189  16:05  Zergling x12  
  191  16:23  Hydralisk  
  191  16:24  Hydralisk x4  
  193  16:28  Hydralisk x3  
  193  16:30  Zergling x6  
  166  16:52  Extractor  
  165  16:54  Extractor  
  165  16:56  Extractor  
  163  17:08  Drone x3, Hydralisk x4  
  165  17:09  Hatchery, Hydralisk x3  
  165  17:11  Zergling x4  
  181  17:17  Hatchery  
  180  17:28  Zergling x4  
  180  17:29  Zergling x10  
  187  17:36  Zergling x8  
  179  17:53  Hydralisk x5  
  179  17:54  Hydralisk x3  
  179  17:55  Zergling x4  
  179  17:56  Zergling x2  
  191  18:06  Roach x4  
  191  18:07  Roach  
  196  18:19  Hydralisk x5  
  148  18:27  Hydralisk x2  
  148  18:29  Zergling x14  
  148  18:30  Zergling x2  
  150  18:43  Hydralisk x2  
  150  18:44  Hydralisk x2  
  157  18:53  Extractor  
  157  18:54  Drone x5  
  161  18:55  Extractor  
  161  19:02  Drone x3  
  163  19:04  Drone x2  
  163  19:05  Drone  
  166  19:16  Overseer x6  
  166  19:17  Overseer  
Show
View Real Time Build Order
Export as new Build Order

katamorphism Terran - Winner!

Build Orders: Liberator Opening 

Get SALT Encoding   

  12  0:01  SCV  
  13  0:13  SCV  
  14  0:17  Supply Depot  
  14  0:25  SCV  
  15  0:40  Barracks  
  15  0:41  SCV  
  16  0:55  SCV  
  16  0:56  Refinery  
  17  1:09  SCV  
  18  1:26  Command Center  
  18  1:36  Orbital Command  
  18  1:45  Marine  
  19  2:06  SCV  
  19  2:07  Refinery  
  20  2:11  Factory  
  20  2:18  SCV  
  21  2:30  SCV  
  22  2:40  Orbital Command  
  22  2:43  SCV  
  23  2:45  Refinery  
  23  2:51  Barracks Reactor  
  23  2:55  SCV, Factory Tech Lab  
  24  3:00  Starport  
  24  3:07  SCV x2  
  26  3:17  Siege Tank  
  30  3:20  SCV  
  30  3:25  SCV, Supply Depot  
  31  3:32  SCV  
  32  3:37  SCV  
  32  3:39  Engineering Bay  
  33  3:47  Supply Depot  
  33  3:49  Liberator  
  36  4:00  Liberator  
  39  4:10  Command Center  
  39  4:23  SCV  
  40  4:24  Refinery, SCV  
  40  4:28  Marine  
  42  4:34  Armory  
  42  4:35  SCV  
  43  4:39  Siege Tank  
  46  4:46  Barracks Tech Lab  
  46  4:49  Terran Infantry Weapons Level 1  
  46  5:01  SCV x2  
  48  5:09  Marine  
  48  5:10  Liberator  
  48  5:13  SCV x2  
  54  5:25  SCV  
  55  5:38  Marine  
  55  5:40  Siege Tank  
  58  5:57  Marauder  
  58  6:05  SCV  
  59  6:12  Siege Tank  
  59  6:16  Command Center  
  59  6:17  SCV  
  65  6:18  Marauder  
  65  6:20  Bunker  
  65  6:39  Marine  
  63  6:57  Marine, Fusion Core  
  63  7:00  Barracks  
  64  7:02  Barracks  
  64  7:03  Factory  
  64  7:05  Orbital Command  
  64  7:07  Refinery  
  64  7:08  SCV x2  
  66  7:13  Terran Infantry Weapons Level 2  
  68  7:15  Marauder  
  68  7:22  Siege Tank  
  71  7:25  Supply Depot x2  
  71  7:26  SCV x2, Supply Depot  
  71  7:27  Supply Depot  
  73  7:30  Liberator  
  73  7:35  Terran Ship Weapons Level 1  
  73  7:36  Marine  
  77  7:38  SCV  
  78  7:54  Marauder  
  67  8:15  Marine  
  67  8:16  Marine x2  
  70  8:28  Siege Tank  
  70  8:34  Marauder, Marine x2  
  77  8:52  Marine x2  
  77  8:53  Advanced Ballistics  
  77  8:55  Marauder  
  73  9:00  Siege Tank  
  73  9:02  Liberator x2  
  81  9:09  Stimpack  
  81  9:10  Drilling Claws  
  81  9:12  Factory Tech Lab  
  81  9:15  Barracks Reactor  
  81  9:16  Marauder  
  83  9:21  SCV x2  
  85  9:29  SCV  
  87  9:33  SCV x2  
  87  9:38  Marauder  
  90  9:42  SCV  
  90  9:44  Missile Turret  
  90  9:45  Missile Turret  
  91  9:47  Missile Turret  
  91  9:48  Missile Turret  
  91  9:52  Planetary Fortress  
  90  9:55  Marine x3  
  90  9:59  Marauder  
  94  10:11  Thor, Siege Tank  
  94  10:13  Marine x2  
  105  10:15  SCV x2  
  105  10:16  SCV  
  105  10:21  Marauder  
  110  10:23  Refinery  
  110  10:25  Marine  
  111  10:29  Missile Turret  
  111  10:30  Marine  
  111  10:31  Marine  
  111  10:34  Terran Infantry Armor Level 1  
  113  10:41  Marine  
  114  10:43  Marine  
  114  10:48  Marine x2, Combat Shield  
  114  10:59  Siege Tank  
  114  11:00  Marauder  
  114  11:01  Marine  
  120  11:06  Marine x2  
  116  11:18  Marine  
  116  11:21  Marauder  
  116  11:22  SCV  
  116  11:24  Marine x2  
  121  11:31  Missile Turret  
  90  11:34  SCV  
  90  11:43  Marauder, Marine x2  
  90  11:44  Siege Tank  
  90  11:45  Siege Tank  
  90  11:46  SCV  
  101  11:50  Marine  
  101  11:53  SCV x3  
  105  11:56  Refinery  
  105  12:01  Marine  
  105  12:02  SCV  
  105  12:04  Marauder  
  105  12:05  SCV x3  
  105  12:08  Marine x2  
  113  12:14  Liberator x2  
  120  12:17  SCV x2, Terran Vehicle Weapons Level 1, Siege Tank  
  120  12:22  Engineering Bay  
  125  12:25  Marauder, Marine  
  125  12:26  Marine  
  129  12:31  SCV x2  
  129  12:32  SCV  
  129  12:33  Refinery  
  132  12:41  Supply Depot  
  132  12:43  Supply Depot  
  132  12:44  Supply Depot  
  132  12:52  Terran Infantry Weapons Level 3, Terran Infantry Armor Level 2  
  132  13:02  Liberator x2, Marine x3, SCV  
  132  13:03  Marauder  
  144  13:20  Marine x3  
  144  13:22  Thor  
  144  13:24  Marauder, Command Center  
  154  13:38  Marine x3  
  141  13:45  Marauder  
  129  13:55  Marine  
  129  13:56  Marine x2  
  129  13:59  Siege Tank  
  135  14:05  Siege Tank  
  135  14:07  Marauder  
  137  14:13  Marine x3  
  140  14:28  Marauder  
  129  14:31  Marine x3, Thor  
  111  14:49  Marine x3  
  111  14:50  Marauder  
  100  15:07  Marine x3  
  83  15:10  Planetary Fortress  
  83  15:11  Marauder  
  83  15:12  SCV x2  
  93  15:14  Siege Tank x2  
  93  15:16  Liberator x2  
  102  15:24  Marine  
  102  15:25  Marine x2  
  105  15:32  Marauder  
  105  15:34  SCV x2  
  105  15:35  SCV  
  110  15:39  SCV  
  110  15:42  Marine x3  
  111  15:46  SCV  
  111  15:47  SCV x3  
  118  15:51  SCV  
  118  15:54  Marauder  
  118  15:55  Command Center  
  116  15:59  Liberator  
  116  16:00  Marine x3  
  118  16:08  SCV  
  118  16:09  Command Center  
  119  16:14  SCV  
  119  16:15  Marauder  
  119  16:18  Marine x3  
  121  16:20  SCV  
  124  16:26  SCV  
  124  16:29  SCV x2  
  127  16:33  SCV  
  127  16:36  Marauder, Marine  
  127  16:38  SCV  
  130  16:45  SCV  
  121  16:49  Marine x2  
  121  16:53  Marine  
  124  16:54  SCV x2  
  124  16:57  SCV  
  124  16:58  Marauder  
  129  17:06  Marine  
  129  17:07  Starport, Marine  
  131  17:10  Command Center  
  131  17:11  Marine  
  131  17:12  Refinery  
  131  17:14  Orbital Command  
  132  17:19  Marauder  
  134  17:24  Marine x2  
  134  17:25  Orbital Command  
  134  17:27  SCV  
  134  17:29  Marine, Command Center  
  137  17:41  Marauder  
  137  17:42  Marine  
  137  17:44  Marine  
  138  17:46  Liberator x2  
  138  17:47  Marine  
  138  17:50  Refinery  
  146  17:59  Refinery  
  146  18:00  Marine  
  146  18:02  Marauder  
  146  18:04  Marine  
  146  18:05  Marine  
  128  18:18  Marine  
  128  18:21  Marine, Siege Tank  
  128  18:22  Siege Tank  
  128  18:23  Marauder, Marine  
  137  18:36  Marine  
  137  18:39  Marine  
  137  18:40  Marine  
  140  18:45  Marauder  
  139  18:53  Marine  
  139  18:54  Siege Tank x2  
  146  18:57  Marine  
  146  18:58  Marine  
  146  19:00  SCV x2  
  146  19:02  Refinery, SCV  
  151  19:03  SCV x2  
  151  19:06  Marauder  
  155  19:11  Marine  
  155  19:14  SCV  
  155  19:16  Command Center  
Show
View Real Time Build Order
Export as new Build Order

Massa Terran 

Build Orders: Gas First Reaper Expand 

Get SALT Encoding   

  12  0:00  SCV  
  13  0:12  SCV  
  14  0:21  Supply Depot  
  14  0:24  SCV  
  15  0:29  Refinery  
  15  0:43  SCV  
  15  0:45  Barracks  
  16  0:55  SCV  
  17  1:07  SCV  
  18  1:19  SCV  
  19  1:32  Orbital Command  
  19  1:33  Reaper  
  20  1:45  Command Center  
  20  1:58  SCV  
  21  2:04  Supply Depot  
  21  2:05  Marine  
  22  2:09  Factory  
  22  2:16  SCV  
  23  2:25  Barracks Reactor  
  23  2:28  SCV  
  24  2:40  SCV  
  24  2:43  Supply Depot  
  25  3:02  Orbital Command  
  25  3:03  SCV, Barracks  
  26  3:06  Factory Reactor  
  26  3:09  Engineering Bay  
  26  3:14  Barracks  
  26  3:16  SCV  
  27  3:21  Marine x2  
  29  3:29  Starport  
  29  3:32  SCV  
  30  3:38  SCV  
  30  3:39  Marine x2  
  33  3:43  Hellion  
  33  3:44  SCV  
  33  3:45  Hellion  
  38  3:50  SCV  
  38  3:51  Barracks Tech Lab  
  39  3:56  SCV  
  39  4:01  Barracks Reactor  
  39  4:02  SCV  
  41  4:03  Barracks Tech Lab  
  41  4:05  Hellion  
  41  4:06  Hellion  
  41  4:08  SCV  
  46  4:14  SCV  
  46  4:15  Marine  
  46  4:16  Marauder, Marine  
  51  4:18  Stimpack  
  51  4:20  SCV  
  51  4:23  Marauder  
  54  4:26  Refinery  
  54  4:28  Refinery  
  54  4:32  Missile Turret  
  54  4:33  Missile Turret  
  54  4:51  Starport Tech Lab  
  53  4:56  Concussive Shells  
  53  5:06  Supply Depot x2  
  53  5:07  Supply Depot  
  53  5:08  Missile Turret  
  53  5:09  Missile Turret  
  53  5:14  Marine  
  54  5:22  Refinery  
  54  5:25  Marine, Supply Depot  
  54  5:27  Marauder  
  54  5:28  Widow Mine x2, Marauder  
  60  5:32  Marine  
  59  5:43  Missile Turret  
  59  5:44  Marine  
  59  5:49  Widow Mine x2, Marauder x2  
  68  5:50  Marine  
  68  5:51  Banshee  
  72  6:01  Missile Turret  
  72  6:03  Terran Infantry Weapons Level 1  
  72  6:11  Marauder  
  74  6:12  Marine  
  74  6:14  Marine  
  76  6:20  SCV  
  76  6:21  SCV  
  74  6:54  Banshee  
  74  6:57  Cloaking Field  
  77  7:03  Armory  
  77  7:06  Engineering Bay  
  77  7:14  Marauder x2, Marine x2  
  83  7:17  Widow Mine  
  85  7:27  Supply Depot  
  85  7:31  Supply Depot x2  
  85  7:32  SCV  
  86  7:37  Terran Infantry Armor Level 1  
  86  7:48  SCV x2, Marine x2  
  86  7:49  Marauder x2  
  86  7:50  Supply Depot  
  94  7:52  Banshee  
  94  7:53  Widow Mine  
  99  8:06  Marine  
  99  8:08  Starport  
  99  8:11  Starport  
  100  8:16  Starport  
  100  8:25  Marine  
  100  8:26  Marauder x2, Marine  
  106  8:43  Marine  
  106  8:47  Marauder  
  106  8:48  Marauder  
  105  9:07  Starport Reactor x3  
  105  9:09  Banshee  
  108  9:20  Command Center  
  108  9:24  SCV x2  
  109  9:36  SCV  
  110  9:51  Banshee  
  103  10:22  Viking x2  
  103  10:23  Viking x4  
  103  10:26  Marauder  
  117  10:32  Marauder  
  117  10:34  Viking  
  117  10:35  SCV x2  
  123  10:47  SCV x2, Marauder  
  127  10:52  Viking x2  
  127  10:53  Marauder  
  133  11:11  SCV x2  
  133  11:13  Marauder  
  133  11:17  Marauder  
  114  11:50  Marauder x2, Marine x2  
  120  11:55  Medivac x6  
  132  12:05  SCV  
  133  12:12  Supply Depot  
  133  12:16  Supply Depot  
  133  12:18  Supply Depot  
  133  12:20  Supply Depot  
  133  12:24  Combat Shield  
  133  12:30  Orbital Command  
  133  12:33  Banshee, Marauder, Marine, SCV x2  
  141  12:37  Marine  
  141  12:38  Marauder  
  144  12:45  SCV x2  
  144  12:51  Widow Mine x2, Marine  
  149  12:55  Marauder, Marine  
  149  12:57  Factory  
  154  12:58  Factory  
  154  12:59  Marauder  
  154  13:01  Missile Turret  
  156  13:08  Marine, Command Center  
  157  13:13  Marine  
  157  13:16  Marauder  
  160  13:21  Marauder  
  160  13:22  Missile Turret  
  161  13:38  Marauder  
  145  13:42  Marauder  
  147  13:55  Marine x2  
  143  13:58  Widow Mine x2  
  143  13:59  Marauder  
  150  14:04  Marauder  
  149  14:12  Marine  
  150  14:19  Widow Mine x2  
  150  14:20  Marauder  
  156  14:25  Marauder  
  151  14:34  Marine  
  151  14:35  Marine  
  144  14:42  Marauder  
  146  14:46  Marauder  
  146  14:52  Marine x2  
  130  15:03  Marauder  
  103  15:08  Marauder  
  103  15:10  Marine x2  
  73  15:16  Widow Mine x2  
  77  15:21  Medivac x2  
  77  15:22  Banshee, Medivac x3  
  77  15:24  Marauder  
  77  15:28  SCV, Marine x2  
  91  15:29  SCV x2, Marauder  
  95  15:38  Widow Mine x2  
  95  15:41  SCV x3  
  102  15:46  Marauder, Marine x2  
  105  15:50  Marauder  
  105  15:53  SCV x2  
  107  15:59  Widow Mine x2  
  107  16:03  Marine  
  107  16:04  Marine  
  108  16:05  Banshee  
  108  16:07  Marauder  
  111  16:12  Marauder  
  110  16:20  Widow Mine x2  
  101  16:27  Marine x2  
  101  16:29  Factory Tech Lab x2, Marauder  
  93  16:33  Marauder  
  90  16:40  Barracks x3  
  90  16:42  Barracks  
  90  16:44  Marine  
  90  16:45  Marine  
  90  16:46  Barracks  
  96  16:47  Widow Mine x4  
  96  16:50  Marauder  
  102  16:55  Marauder  
  100  17:02  Marine  
  100  17:03  Marine  
  102  17:11  Marauder  
  102  17:15  Command Center  
  104  17:16  Marauder  
  104  17:20  Refinery, Marine  
  104  17:33  Marauder  
  102  17:37  Marauder  
  93  17:54  Marauder  
  93  17:55  Barracks Reactor x2  
  93  17:56  Marine  
  93  17:57  Marine  
  97  17:59  Marauder  
  99  18:14  Marine x2  
  99  18:16  Marauder  
  94  18:20  Marauder  
  83  18:32  Marine x2  
  79  18:34  Marine  
  79  18:35  Marine x3  
  79  18:37  Marauder  
  75  18:42  Marauder  
  75  18:43  Medivac x2  
  75  18:44  Medivac x5  
  82  18:49  Marine  
  82  18:50  Marine  
  82  18:52  Widow Mine x2, Marine  
  82  18:53  Marine x3  
  88  18:58  Marauder  
  90  19:03  Marauder  
  90  19:07  Marine  
  90  19:08  Marine  
  94  19:10  Marine x4  
Show
View Real Time Build Order
Export as new Build Order

qqq Zerg 

Build Orders: Hatch First, Lurkers 

Get SALT Encoding   

  12  0:02  Drone  
  13  0:08  Drone  
  14  0:43  Hatchery  
  13  0:52  Spawning Pool  
  13  0:55  Drone  
  13  1:04  Overlord  
  13  1:10  Drone  
  14  1:18  Extractor  
  14  1:19  Drone  
  14  1:23  Drone  
  15  1:40  Drone x2  
  17  1:47  Queen  
  19  1:59  Drone  
  20  2:02  Drone  
  21  2:09  Spine Crawler  
  21  2:10  Drone  
  21  2:11  Drone  
  21  2:15  Drone  
  23  2:21  Queen  
  25  2:24  Drone  
  25  2:28  Zergling x2  
  27  2:34  Overlord  
  28  2:39  Extractor  
  28  2:41  Drone  
  28  2:43  Overlord  
  28  2:45  Overlord  
  29  3:00  Spine Crawler  
  29  3:01  Drone x2  
  29  3:03  Zergling x2  
  31  3:07  Zergling x2  
  31  3:09  Metabolic Boost  
  32  3:16  Drone, Zergling x2  
  34  3:23  Drone  
  34  3:24  Zergling x2  
  34  3:25  Zergling x4  
  38  3:30  Lair  
  38  3:32  Drone  
  39  3:36  Zergling x2  
  39  3:41  Drone x3  
  42  3:45  Drone  
  44  3:49  Drone x2  
  44  3:50  Extractor, Drone  
  44  3:52  Drone  
  47  3:58  Overlord  
  47  4:09  Drone  
  48  4:10  Drone  
  48  4:12  Zergling x2  
  48  4:14  Drone  
  51  4:17  Hatchery  
  50  4:25  Zergling x4  
  50  4:26  Zergling x2  
  50  4:27  Drone x2  
  55  4:41  Zergling x2  
  55  4:43  Drone x2  
  58  4:52  Zergling x2  
  59  5:02  Zergling x2, Hydralisk Den  
  59  5:05  Zergling x2, Overlord  
  60  5:15  Hatchery  
  60  5:17  Overlord  
  60  5:18  Overlord  
  59  5:23  Hatchery  
  59  5:24  Infestation Pit  
  57  5:28  Evolution Chamber  
  57  5:34  Spore Crawler  
  55  5:36  Spore Crawler  
  55  5:40  Drone x2  
  45  6:00  Zergling x12  
  46  6:04  Spore Crawler  
  45  6:12  Hydralisk  
  45  6:15  Hydralisk x7, Lurker Den  
  60  6:24  Zergling x2  
  60  6:25  Zergling x2  
  56  6:44  Hatchery  
  48  6:54  Drone x2  
  48  6:55  Drone  
  48  6:56  Drone  
  48  6:57  Drone x3  
  55  7:02  Drone x3  
  55  7:04  Drone x3  
  61  7:10  Hydralisk x3  
  61  7:13  Drone  
  68  7:18  Hive  
  68  7:24  Drone  
  68  7:25  Drone  
  68  7:28  Extractor, Drone  
  68  7:29  Drone, Extractor  
  70  7:32  Queen  
  70  7:35  Drone  
  70  7:37  Drone x2  
  75  7:40  Drone x2  
  75  7:41  Drone  
  78  7:49  Drone x3  
  81  7:53  Lurker  
  81  7:54  Lurker  
  69  8:13  Hydralisk x2  
  69  8:21  Spore Crawler  
  69  8:24  Drone x5  
  75  8:30  Spore Crawler  
  75  8:32  Drone x3, Spore Crawler x2  
  75  8:35  Spine Crawler x2  
  75  8:36  Drone x3  
  69  8:44  Drone x2  
  69  8:46  Hydralisk x2  
  69  8:47  Drone x2  
  69  8:48  Drone x3  
  74  9:11  Drone x2  
  74  9:12  Queen  
  74  9:14  Hydralisk  
  74  9:16  Drone x7  
  87  9:19  Extractor x2  
  87  9:24  Spore Crawler  
  84  9:33  Zergling x10  
  84  9:34  Drone x5  
  94  9:39  Spore Crawler x2  
  94  9:41  Spore Crawler  
  94  9:42  Drone x2  
  94  9:43  Drone, Spine Crawler  
  94  9:44  Spine Crawler x2  
  91  9:50  Lurker  
  91  9:51  Lurker  
  93  10:00  Zergling x2  
  93  10:01  Overlord x3  
  85  10:25  Drone x7  
  85  10:26  Drone x2, Hydralisk  
  85  10:27  Viper x2  
  102  10:29  Hydralisk x2  
  96  11:00  Spore Crawler  
  78  11:27  Hatchery  
  78  11:32  Hydralisk x5  
  76  11:33  Hydralisk  
  76  11:34  Drone  
  76  11:35  Drone x5  
  92  11:44  Hatchery  
  91  11:51  Lurker  
  91  11:52  Lurker x4  
  91  11:53  Drone x2  
  98  11:54  Hydralisk x2  
  102  12:17  Drone x4  
  102  12:21  Hatchery  
  105  12:28  Hatchery  
  104  12:32  Seismic Spines  
  104  12:34  Zerg Missile Weapons Level 1  
  104  12:37  Drone x4  
  104  12:38  Overlord x2  
  104  12:39  Overlord x6  
  104  12:40  Overlord  
  108  12:55  Hydralisk x2  
  108  12:58  Lurker  
  113  13:00  Drone  
  113  13:01  Drone x6  
  108  13:29  Adaptive Talons  
  84  13:57  Hydralisk x6  
  84  13:58  Hydralisk x4  
  84  13:59  Drone x3  
  84  14:00  Drone, Zergling x10  
  113  14:11  Viper  
  113  14:12  Viper  
  113  14:13  Zergling x4  
  111  14:24  Zergling x2  
  111  14:25  Zergling x2  
  111  14:27  Drone  
  111  14:28  Drone x3, Zerg Ground Armor Level 1  
  97  14:40  Drone x4  
  97  14:43  Lurker  
  97  14:44  Lurker x2  
  97  14:45  Hydralisk x3  
  103  14:46  Hydralisk  
  103  14:48  Drone  
  112  14:55  Lurker x2  
  112  14:57  Zergling x2  
  112  14:58  Zergling x6  
  115  15:12  Hydralisk x2  
  115  15:14  Drone x3  
  122  15:26  Hydralisk x3  
  122  15:27  Hydralisk x2  
  124  15:41  Lurker x2  
  110  15:48  Zergling x2  
  110  15:49  Zergling x8  
  81  15:50  Hydralisk x2  
  74  15:59  Lurker x3  
  74  16:00  Zergling x2  
  74  16:01  Zergling x2  
  79  16:10  Hatchery  
  79  16:11  Hatchery  
  77  16:12  Hatchery  
  76  16:22  Zerg Melee Weapons Level 1  
  71  16:27  Hatchery  
  51  16:47  Hydralisk x3  
  51  16:49  Drone  
  51  16:50  Drone x2, Zergling x4  
  51  16:51  Zergling x2  
  62  17:15  Lurker x2  
  62  17:16  Hydralisk x2, Lurker  
  62  17:17  Hydralisk x2  
  62  17:20  Drone x2  
  70  17:48  Hydralisk x5  
  70  17:49  Zergling x8  
  70  17:50  Zergling x12  
  90  17:54  Lurker  
  53  18:32  Hydralisk  
  53  18:33  Hydralisk x4  
  61  18:36  Lurker  
  56  18:44  Spine Crawler  
  56  18:45  Hydralisk  
  56  18:47  Zergling x6  
  56  18:48  Zergling x16  
  62  18:49  Zergling x2  
  67  19:06  Lurker  
Tags
 
Add a new tag
Caveats
  • Supply blocks, unpowered buildings, or Contaminate may cause inaccurate times.
  • Supply counts are checked every 10 seconds.